 Dungeon Crawl Stone Soup version 0.26-a0-524-g073066f631 (webtiles) character file.

Game seed: 6279438193671722836

60 ANON1729 the Insei (level 3, 0/26 HPs)
             Began as a Demonspawn Transmuter on Aug 13, 2020.
             Succumbed to an adder's poison
             ... on level 3 of the Dungeon.
             The game lasted 00:02:06 (1515 turns).

ANON1729 the Insei (Demonspawn Transmuter)          Turns: 1515, Time: 00:02:07

Health: 0/26       AC:  2    Str: 10    XL:     3   Next: 82%
Magic:  5/6        EV: 12    Int: 15    God:
Gold:   131        SH:  0    Dex: 13    Spells: 5/6 levels left

rFire    . . .     SeeInvis .     - Unarmed
rCold    . . .     Faith    .   (no shield)
rNeg     . . .     Spirit   .   a - +0 robe
rPois    .         Reflect  .   (helmet currently unavailable)
rElec    .         Harm     .   (no cloak)
rCorr    .                      (no gloves)
MR       .....                  (boots currently unavailable)
Stlth    +.........             (no amulet)
HPRegen  0.08/turn              (no ring)
MPRegen  0.10/turn              (no ring)

@: lethally poisoned (0 -> -12), appendages (expiring)
A: horns 2, talons 2, MP-powered wands
a: End Transformation


You were on level 3 of the Dungeon.
You had grown temporary horns.
You had grown temporary talons.
You visited 1 branch of the dungeon, and saw 3 of its levels.

You collected 131 gold pieces.

Inventory:

Armour
 a - a +0 robe (worn)
Jewellery
 f - an uncursed ring of flight {unknown}
Scrolls
 b - 2 scrolls of remove curse {unknown}
 d - a scroll of teleportation {unknown}
 g - a scroll of immolation {unknown}
 h - 2 scrolls of identify {unknown}
 i - a scroll of magic mapping {unknown}
 k - a scroll of fog {unknown}
 n - a scroll of blinking {unknown}
Potions
 e - a potion of lignification {unknown}
 j - a potion of degeneration {unknown}
 l - a potion of ambrosia {unknown}
 m - a potion of curing {unknown}


   Skills:
 + Level 1.5 Fighting
 + Level 2.1 Dodging
 * Level 3.2 Unarmed Combat
 + Level 2.3 Spellcasting
 * Level 2.5 Transmutations


You had 5 spell levels left.
You knew the following spells:

 Your Spells              Type           Power        Failure   Level
a - Beastly Appendage     Tmut           #.....       8%          1

Your spell library contained the following spells:

 Spells                   Type           Power        Failure   Level
 Wereblood                Tmut           #.......     12%         2
 Spider Form              Tmut/Pois      #.........   36%         3
 Ice Form                 Ice/Tmut       #.......     77%         4
 Blade Hands              Tmut           #.........   91%         5


Dungeon Overview and Level Annotations

Branches:
Dungeon (3/15)

Altars:
Nemelex Xobeh


Innate Abilities, Weirdness & Mutations

You have razor-sharp toenails.
You have a pair of horns on your head.
You expend magic power (3 MP) to strengthen your wands.


Message History

The adder poisons you! The goblin closely misses you.
You hit the adder. Your kick misses the adder.
The adder is heavily wounded.
* * * LOW HITPOINT WARNING * * *
You feel sick. The adder bites you.
* * * LOW HITPOINT WARNING * * *
You are more poisoned.
The adder poisons you!
You closely miss the adder. Your headbutt misses the adder.
The adder is heavily wounded.
* * * LOW HITPOINT WARNING * * *
You feel sick. The adder bites you but does no damage.
The goblin completely misses you.
* * * LOW HITPOINT WARNING * * *
You feel sick. The adder bites you.
* * * LOW HITPOINT WARNING * * *
It was a potion of mutation.
You feel extremely strange.
You feel your magical essence link to the dungeon's wands.
Your transformation is almost over.
You die...

#### ... # ..#
##.#############..##
#.##..........g....#
##.##'####.....SK...#
#.......<#.#..@##.#.<..
#...†....#.#....# .. .
###........#.≈≈≈≈......#
..'........#....≈......#
###..........≈≈≈≈#####...
####+#+#....#### .>
#....# .....


You could see an adder, a goblin and a kobold.

Vanquished Creatures
  2 adders (D:2)
  An ooze (D:3)
  2 worms (D:2)
  A dart slug (D:2)
  4 bats
  3 giant cockroaches
  4 goblins
  3 jackals (D:3)
  3 kobolds
  A ball python (D:1)
  A frilled lizard (D:2)
  5 rats
30 creatures vanquished.

Notes
Turn   | Place    | Note
-------+----------+-------------------------------------------
     0 | D:1      | ANON1729 the Demonspawn Transmuter began the quest for the
                  | Orb.
     0 | D:1      | Reached XP level 1. HP: 15/15 MP: 3/3
   376 | D:1      | Mutation became permanent: You have sharp toenails.
                  | [demonic ancestry]
   376 | D:1      | Gained mutation: You have razor-sharp toenails. [demonic
                  | ancestry]
   376 | D:1      | Reached XP level 2. HP: 21/21 MP: 3/5
   856 | D:2      | Reached skill level 3 in Unarmed Combat
   859 | D:2      | Reached XP level 3. HP: 16/26 MP: 4/6
  1144 | D:2      | Found a sparkling altar of Nemelex Xobeh.
  1514 | D:3      | HP: 1/26 [adder (2)]
  1515 | D:3      | Gained mutation: You expend magic power (3 MP) to
                  | strengthen your wands. [potion of mutation]
  1515 | D:3      | Succumbed to an adder's poison

Illustrated notes

Levels and vault maps discovered:
D:1:      dpeg_arrival_shelter, layout_basic
D:2:      layout_loops_ring, st_stairs_10, nemelex_diamond_rough_becter
D:3:      layout_basic, chequers_ecumenical_altar_twisty, serial_rivers,
          chequers_serial_rivers_micro_d, chequers_serial_rivers_small_a,
          chequers_serial_rivers_micro_a, chequers_serial_rivers_micro_b,
          chequers_serial_rivers_micro_b, chequers_serial_rivers_small_b,
          minivault_27

Skill      XL: |  1  2 |
---------------+-------+-----
Transmutations | 2 |  2.5
Dodging        | 2 |  2.1
Unarmed Combat | 3 |  3.2
Fighting       | |  1.5
Spellcasting   | |  2.3

Action                   || total
-------------------------++-------
Melee: Unarmed           ||   104
       Kick              ||    23
       Headbutt          ||     8
       Punch             ||     2
 Cast: Beastly Appendage ||    19
  Use: Potion            ||     1
 Stab: Sleeping          ||     1
Armor: Robe              ||    25
Dodge: Dodged            ||    83

Table legend: (Time is in decaauts)
 A = Elapsed time spent in this place.
 B = Non-inter-level travel time spent in this place.
 C = Inter-level travel time spent in this place.
 D = Time resting spent in this place.
 E = Time spent auto-exploring this place.
 F = Levels seen in this place.
 G = Mean time per level.
                   A        B        C        D        E       F      G
               +--------+--------+--------+--------+--------+-----+--------+
         Total |   1511 |   1475 |     36 |    183 |   1042 |   3 |  503.7 |
       Dungeon |   1511 |   1475 |     36 |    183 |   1042 |   3 |  503.7 |
               +--------+--------+--------+--------+--------+-----+--------+

Top non-repeatable levels by time:
     D:1: 785 daAuts
     D:2: 588 daAuts
     D:3: 137 daAuts
